 Dungeon Crawl Stone Soup version 0.27.1-3-gb3d3a73c9e (webtiles) character file.

Game seed: 780567142737107766

330 H0rd4k the Charlatan (level 6, -2/45 HPs)
             Began as a Human Artificer on Oct 6, 2021.
             Asphyxiated
             ... in a sewer.
             The game lasted 00:07:25 (4670 turns).

H0rd4k the Charlatan (Human Artificer)              Turns: 4670, Time: 00:07:26

Health: -2/45      AC:  5    Str: 13    XL:     6   Next: 81%
Magic:  8/15       EV: 12    Int: 16    God:
Gold:   161        SH:  0    Dex: 19    Spells: 5/5 levels left

rFire    x . .     SeeInvis .   B - +3 spear of Grace {vorpal, MP+9 Int+3}
rCold    + . .     Faith    .   (no shield)
rNeg     . . .     Spirit   .   b - +0 leather armour
rPois    .         Reflect  .   (no helmet)
rElec    .         Harm     .   (no cloak)
rCorr    .         Rampage  .   h - +0 pair of gloves
Will     .....                  l - +0 pair of boots
Stlth    +.........             (no amulet)
HPRegen  0.15/turn              s - +6 ring of dexterity
MPRegen  0.14/turn              k - ring of ice

@: lethally poisoned (-2 -> -16), slowed, very slow
A: no striking features
a: no special abilities


You were in a sewer.
You visited 1 branch of the dungeon, and saw 4 of its levels.
You also visited: Sewer.

You collected 161 gold pieces.

Inventory:

Hand Weapons
 i - a +0 short sword
 B - the +3 spear of Grace (weapon) {vorpal, MP+9 Int+3}
   (You found it in a sewer)

   It inflicts extra damage upon your enemies.
   Int:       It affects your intelligence (+3).
   MP:        It affects your magic capacity (+9).
Missiles
 u - 19 poisoned darts
Armour
 b - a +0 leather armour (worn)
 h - a +0 pair of gloves (worn)
 l - a +0 pair of boots (worn)
Jewellery
 k - a ring of ice (right hand)
 q - a ring of fire
 s - a +6 ring of dexterity (left hand)
Scrolls
 j - a scroll of magic mapping {unknown}
 m - a scroll of silence {unknown}
 n - 3 scrolls of identify {unknown}
 p - a scroll of enchant armour {unknown}
 r - a scroll of amnesia {unknown}
 v - a scroll of summoning {unknown}
 x - a scroll of teleportation {unknown}
 y - a scroll of holy word {unknown}
Potions
 a - 2 potions of resistance {unknown}
 c - a potion of curing
 f - a potion of invisibility {unknown}
 g - 2 potions of magic {unknown}
 o - a potion of lignification {unknown}
 t - a potion of brilliance {unknown}
 w - a potion of might {unknown}
 z - 2 potions of haste {unknown}
 A - a potion of cancellation {unknown}
Miscellaneous
 e - a piece from Xom's chessboard (14/15)


   Skills:
 + Level 2.3 Fighting
 + Level 3.2 Short Blades
 + Level 2.8 Armour
 + Level 2.3 Dodging
 + Level 2.3 Stealth
 + Level 4.2 Evocations


You had 5 spell levels left.
You didn't know any spells.
Your spell library contained the following spells:

 Spells                   Type           Power      Damage    Failure   Level
 Animate Skeleton         Necr           0%         N/A       32%         1
 Magic Dart               Conj           0%         1d3       32%         1
 Pain                     Necr           0%         1d4       32%         1
 Call Imp                 Summ           0%         N/A       43%         2
 Gell's Gravitas          Tloc           0%         N/A       67%         3
 Mephitic Cloud           Conj/Pois/Air  0%         N/A       67%         3
 Teleport Other           Tloc           0%         N/A       67%         3
 Vampiric Draining        Necr           0%         2d6       67%         3
 Dispersal                Tloc           0%         N/A       100%        6


Dungeon Overview and Level Annotations

Branches:
Dungeon (4/15)             Temple (0/1) D:4           Sewer (1/1)

Altars:
Dithmenos

Annotations:
D:4 2 transporters


Message History

You are no longer poisoned.
The kobold brigand completely misses you.
The kobold brigand splashes around in the water.
The kobold brigand throws a curare-tipped dart.
The curare-tipped dart closely misses you.
You hit the kobold brigand.
The kobold brigand is lightly wounded.
The kobold brigand throws a curare-tipped dart.
The curare-tipped dart hits you.
You are poisoned.
You have difficulty breathing.
You feel yourself slow down.
The kobold throws a stone.
The stone barely misses you.
Aiming: Charm
Press: ? - help, Shift-Dir - straight line, f - kobold brigand
Aim: a kobold brigand, wielding a +0 dagger and quivering poisoned darts (lightly wounded, chance to affect: 58%)
The kobold brigand resists with significant effort.
You feel sick.
The kobold brigand hits you with a +0 dagger!
The kobold brigand hits you but does no damage.
Unknown command.
Aiming: Charm
Press: ? - help, Shift-Dir - straight line, f/p - kobold brigand
Aim: a kobold brigand, wielding a +0 dagger and quivering poisoned darts (lightly wounded, chance to affect: 58%)
The kobold brigand resists with significant effort.
You feel sick. The kobold brigand barely misses you.
The kobold throws a stone.
The stone hits you but does no damage.
Aiming: Charm
Press: ? - help, Shift-Dir - straight line, f/p - kobold brigand
Aim: a kobold brigand, wielding a +0 dagger and quivering poisoned darts (lightly wounded, chance to affect: 58%)
The kobold brigand resists with significant effort.
The now-empty wand crumbles to dust.
You feel sick.
You are no longer poisoned.
The kobold brigand hits you with a +0 dagger.
* * * LOW HITPOINT WARNING * * *
The kobold throws a stone.
The stone closely misses you.
The kobold brigand throws a curare-tipped dart.
The curare-tipped dart hits you.
You are lethally poisoned!
You have difficulty breathing.
You die...

...............###
.................#
.................#######
.........†......).#....#
.≈.......≈≈P...≈≈.)....#
≈≈≈...≈≈≈≈≈≈....≈)'..∩.#
≈≈≈≈..≈≈≈≈≈≈≈≈.≈≈≈#....#
#≈#######≈##############
≈≈≈≈≈≈≈≈≈≈≈≈≈≈≈≈@K≈≈#
≈≈≈≈≈≈≈≈≈≈≈≈≈≈≈≈≈≈≈≈#
≈≈≈≈≈≈≈≈≈≈≈≈≈≈≈≈KKK≈#
###≈≈≈≈##########K######
≈P≈≈≈≈≈≈≈...≈≈≈≈#K.!.#
≈≈≈≈≈P≈≈≈..P≈≈≈≈'.!∩.#
.P≈P≈.......≈.≈≈'[...#
..........†..#....#
..##......######


You could see 2 kobold brigands and 3 kobolds.

Vanquished Creatures
  A kobold brigand (Sewer)
  A hound (D:4)
  A hound skeleton (D:4)
  A gnoll (D:2)
  2 adders
  2 river rats (D:4)
  An adder skeleton (D:4)
  4 worms (D:2)
  4 dart slugs
  5 ball pythons
  8 bats
  6 endoplasms
  4 giant cockroaches
  10 hobgoblins
  3 jackals (D:2)
  6 quokkas
  2 frilled lizards
  5 goblins
  14 kobolds
  8 rats
88 creatures vanquished.

Vanquished Creatures (collateral kills)
  A kobold brigand (Sewer)
  2 gnolls (D:2)
  A worm (D:4)
  An endoplasm (D:4)
  2 giant cockroaches (D:4)
  3 rats (D:4)
10 creatures vanquished.

Vanquished Creatures (others)
  A gnoll (D:2)
  9 plants (Sewer)
10 creatures vanquished.

Grand Total: 108 creatures vanquished

Notes
Turn   | Place    | Note
-------+----------+-------------------------------------------
     0 | D:1      | H0rd4k the Human Artificer began the quest for the Orb.
     0 | D:1      | Reached XP level 1. HP: 15/15 MP: 1/1
    43 | D:1      | You fall into a shaft and drop 1 floor!
   344 | D:2      | Reached XP level 2. HP: 21/21 MP: 2/2
   440 | D:2      | HP: 1/21 [bat (1)]
   834 | D:2      | Reached XP level 3. HP: 26/26 MP: 3/3
  1284 | D:2      | Reached skill level 4 in Evocations
  1284 | D:2      | Reached XP level 4. HP: 11/32 MP: 4/4
  2698 | D:1      | Reached skill level 1 in Short Blades
  3151 | D:3      | Reached XP level 5. HP: 36/37 MP: 5/5
  3266 | D:3      | Found a shadowy altar of Dithmenos.
  3367 | D:3      | Found a faded altar of an unknown god.
  3447 | D:4      | Noticed a toenail golem
  3449 | D:4      | Found a transporter.
  3480 | D:4      | Found a transporter.
  3596 | D:4      | Found a staircase to the Ecumenical Temple.
  3612 | D:4      | Noticed a water moccasin
  3779 | D:4      | Found a glowing drain.
  3807 | Sewer    | Entered a sewer
  4154 | Sewer    | Reached XP level 6. HP: 44/44 MP: 6/6
  4652 | Sewer    | Identified the +3 spear of Grace {vorpal, MP+9 Int+3}
  4670 | Sewer    | Asphyxiated

Illustrated notes

Levels and vault maps discovered:
D:1:      lightli_arrival_flooded_house, layout_rooms, minmay_misc_feat_pillars,
          minmay_tiny_reverse_x
D:2:      layout_basic
D:3:      layout_rooms, lemuel_round_altar, shapermc_ecumenical_altar_hornbeckon
D:4:      layout_cave_pools, minmay_temple_entry_stoned_glass,
          portal_sewer_entry_e, gammafunk_ghost_abyssal_escape,
          amcnicky_mini_rare_corridor_liquid, serial_bayou_pond_a,
          minmay_misc_feat_columns
Sewer:    kennysheep_pipe_town

Skill      XL: |  1  2  3  4  5  6 |
---------------+-------------------+-----
Evocations     | 4 |  4.2
Short Blades   | 1 2 3 |  3.2
Dodging        | 2 |  2.3
Stealth        | 2 |  2.3
Fighting       | 2 |  2.3
Armour         | |  2.8

Action                   |  1- 3 |  4- 6 || total
-------------------------+-------+-------++-------
Melee: Club              |    42 |       ||    42
       Short sword       |    35 |   271 ||   306
       Spear             |       |     5 ||     5
Evoke: Wand              |    18 |    21 ||    39
       Piece from Xom's  |       |     1 ||     1
  Use: Potion            |       |     2 ||     2
 Stab: Sleeping          |     2 |     5 ||     7
       Distracted        |       |     1 ||     1
Armor: Leather armour    |    49 |    94 ||   143
Dodge: Dodged            |    72 |   183 ||   255
